Wolves vs Admirals NSH

Created - Sunday, January 25, 2015 at 01:48

Goals
1 2 3 T
Wolves 1 1 2 4
Admirals NSH 1 0 0 1
Shots
1 2 3 T
Wolves 2 11 8 21
Admirals NSH 7 6 9 22

1st period

1. Wolves , Nicklas Jensen 6 (Daniel Carcillo) at 3:51 (PP)
2. Admirals NSH , Matt Fraser 14 (Jamie Tardif, Johan Gustafsson) at 14:10 (PP)

Penalties :
Cameron Schilling (MIL) for Interference (Minor) at 2:14, Joel Broda (CHI) for Hooking (Minor) at 5:37, Pierre-Cedric Labrie (MIL) for Holding (Minor) at 6:09, Dane Byers (CHI) for Roughing (Minor) at 8:59, Cedric Paquette (CHI) for Roughing (Minor) at 13:13

2nd period

3. Wolves , Yannick Weber 30 (Jordan Schroeder, Chris Terry) at 5:46 (PP)

Penalties :
Jared Boll (CHI) for Tripping (Minor) at 1:02, Marcel Noebels (MIL) for Hooking (Minor) at 5:35, Daniel Carcillo (CHI) for Interference (Minor) at 6:57, Corey Tropp (MIL) for Interference (Minor) at 10:52

3rd period

4. Wolves , Nicklas Jensen 7 (Daniel Carcillo, Yann Sauve) at 1:13
5. Wolves , Yannick Weber 31 (Jordan Schroeder) at 13:46

Penalties :
Alexey Marchenko (MIL) for Slashing (Minor) at 1:36, Jared Boll (CHI) for Tripping (Minor) at 6:57

Goalie Stats

Scott Wedgewood (CHI), 21 saves from 22 shots - (0.955), W, 11-6-7, 60:00 minutes
Johan Gustafsson (MIL), 17 saves from 21 shots - (0.810), L, 15-34-4, 60:00 minutes

Players Stats for Wolves

Player Name              G  A  P  +/- PIM S  H  SB GA TA FO     MP     PP MP  PK MP  
------------------------------------------------------------------------------------
Ben Hanowski             0  0  0   0  0   0  0  0  1  0  1/1     8:24   0:00   0:00 
Cedric Paquette          0  0  0   1  2   0  1  0  0  0  7/11   15:05   3:05   0:00 
Chris Terry              0  1  1   1  0   3  0  1  0  1  4/9    20:23   2:41   6:51 
Corbin McPherson         0  0  0   1  0   0  2  2  0  0  0/0    24:58   2:33   5:40 
Dane Byers               0  0  0   0  2   1  1  0  2  0  0/0    14:30   0:00   2:23 
Daniel Carcillo          0  2  2   1  2   2  4  0  2  0  0/1    17:40   3:37   1:10 
Farm Player1             0  0  0   0  0   0  2  0  0  0  0/0    16:01   0:00   2:30 
Farm Player20            0  0  0   0  0   0  1  0  0  0  0/0    12:27   0:00   0:00 
Jared Boll               0  0  0   1  4   1  3  0  0  0  0/1    17:21   2:41   3:22 
Joel Broda               0  0  0   0  2   0  1  0  0  1  1/4    10:53   0:32   0:52 
Jordan Schroeder         0  2  2   1  0   2  0  1  4  0  6/10   14:46   3:13   1:42 
Landon Ferraro           0  0  0   0  0   2  2  0  0  0  3/6    11:28   0:00   0:00 
Logan Shaw               0  0  0   0  0   0  1  1  1  0  0/0     8:24   0:00   0:00 
Michael Caruso           0  0  0   1  0   1  0  2  0  1  0/0    22:35   3:45   3:45 
Nicklas Jensen           2  0  2   1  0   5  1  0  4  2  0/0    15:06   3:05   0:00 
Scott Glennie            0  0  0   0  0   1  2  0  1  0  0/0    11:28   0:00   0:00 
Yann Sauve               0  1  1   1  0   0  2  2  0  2  0/0    22:35   3:45   3:45 
Yannick Weber            2  0  2   1  0   3  1  3  1  2  0/0    24:58   2:33   5:40 

Players Stats for Admirals NSH

Player Name              G  A  P  +/- PIM S  H  SB GA TA FO     MP     PP MP  PK MP  
------------------------------------------------------------------------------------
Adam Cracknell           0  0  0   0  0   1  1  0  0  1  1/8    18:07   1:39   1:25 
Alexey Marchenko         0  0  0   0  2   0  0  1  0  2  0/0    21:00   4:23   2:00 
Brody Sutter             0  0  0  -1  0   0  1  1  1  0  6/9    23:43   5:05   0:51 
Cameron Schilling        0  0  0  -1  2   0  3  0  0  0  0/0    14:46   0:00   0:59 
Corey Tropp              0  0  0   0  2   1  3  0  2  0  1/7    21:32   3:51   1:19 
Frazer McLaren           0  0  0   0  0   0  0  0  0  0  0/0     3:43   0:00   0:00 
Frederic St. Denis       0  0  0   0  0   0  0  0  0  0  0/0     0:00   0:00   0:00 
Fredrik Claesson         0  0  0  -1  0   3  2  2  2  1  0/0    25:35   5:02   3:19 
Jamie Tardif             0  1  1  -1  0   2  1  0  2  1  5/5    22:10   4:43   4:27 
Jyrki Jokipakka          0  0  0  -1  0   0  0  3  0  1  0/0    25:35   5:02   3:19 
Marcel Noebels           0  0  0   0  2   2  1  0  0  1  0/0    12:48   0:00   0:00 
Matt Fraser              1  0  1  -1  0   2  2  1  4  0  0/0    20:05   4:40   1:00 
Mike Blunden             0  0  0  -1  0   3  1  0  2  0  5/8    21:01   4:20   0:00 
Nikita Nesterov          0  0  0  -1  0   3  0  0  0  1  0/0    13:22   0:00   0:00 
Patrick Mullen           0  0  0   0  0   1  0  0  1  3  0/0    21:03   4:23   2:59 
Pierre-Cedric Labrie     0  0  0  -2  2   4  1  1  0  0  2/4    21:56   3:56   3:34 
Wade Megan               0  0  0   0  0   0  0  0  0  0  0/0     0:54   0:00   0:00 
Zach Hamill              0  0  0   0  0   0  0  0  0  0  1/2     4:50   0:00   0:00 

3 Stars

1 - Yannick Weber (CHI)
2 - Nicklas Jensen (CHI)
3 - Scott Wedgewood (CHI)

Power Play

Wolves - 2 on 5 Attempt(s) - 40.00%
Admirals NSH - 1 on 6 Attempt(s) - 16.67%

Penalty Kill

Wolves - 5 on 6 Attempt(s) - 83.33% - Score 0 goal in Penalty Kill
Admirals NSH - 3 on 5 Attempt(s) - 60.00% - Score 0 goal in Penalty Kill

Team Stat

Wolves - Hits : 24 - Faceoff Wins : 22 - Blocked Shots : 12 - Penalty Minutes : 12
Admirals NSH - Hits : 16 - Faceoff Wins : 21 - Blocked Shots : 9 - Penalty Minutes : 10

Official

Referees : Unknown
Linesman : Unknown

Game Notes

No Game Note

Finance

Level 1 -- Attendance: 1357 (67.85%) -- Ticket Income $47,495
Level 2 -- Attendance: 809 (80.90%) -- Ticket Income $12,135
Total Attendance: 2166 (72.20%)
Total Ticket Income: $59,630
Other Income: $29,219
Total Income: $88,849

Wolves

5 vs 5 Forward 
   Center                   Left Wing                Right Wing               Time % Phy DF OF 
 1 Jordan Schroeder         Chris Terry              Jared Boll               35     1   2  2  
 2 Cedric Paquette          Daniel Carcillo          Nicklas Jensen           30     1   2  2  
 3 Landon Ferraro           Dane Byers               Scott Glennie            22     1   2  2  
 4 Joel Broda               Ben Hanowski             Logan Shaw               13     1   2  2  

5 vs 5 Defense 
   Defense                  Defense                                           Time % Phy DF OF 
 1 Yannick Weber            Corbin McPherson                                  35     1   2  2  
 2 Yann Sauve               Michael Caruso                                    30     1   2  2  
 3 Farm Player1             Farm Player20                                     22     1   2  2  
 4 Yannick Weber            Corbin McPherson                                  13     1   2  2  

PowerPlay Forward 
   Center                   Left Wing                Right Wing               Time % Phy DF OF 
 1 Jordan Schroeder         Chris Terry              Jared Boll               60     1   2  2  
 2 Cedric Paquette          Daniel Carcillo          Nicklas Jensen           40     1   2  2  

PowerPlay Defense
   Defense                  Defense                                           Time % Phy DF OF 
 1 Yannick Weber            Corbin McPherson                                  60     1   2  2  
 2 Yann Sauve               Michael Caruso                                    40     1   2  2  

Penalty Kill 4 Players Forward 
   Center                   Wing                     Time % Phy DF OF 
 1 Chris Terry              Jared Boll               60     1   2  2  
 2 Jordan Schroeder         Daniel Carcillo          40     1   2  2  

Penalty Kill 4 Players Defense
   Defense                  Defense                  Time % Phy DF OF 
 1 Yannick Weber            Corbin McPherson         60     1   2  2  
 2 Yann Sauve               Michael Caruso           40     1   2  2  

Penalty Kill - 3 Players Forward 
   Forward                                           Time % Phy DF OF 
 1 Chris Terry                                       60     1   2  2  
 2 Jared Boll                                        40     1   2  2  

Penalty Kill - 3 Players Defense
   Defense                  Defense                  Time % Phy DF OF 
 1 Yannick Weber            Corbin McPherson         60     1   2  2  
 2 Yann Sauve               Michael Caruso           40     1   2  2  

4 vs 4 Forward 
   Center                   Wing                     Time % Phy DF OF 
 1 Chris Terry              Jared Boll               60     1   2  2  
 2 Jordan Schroeder         Daniel Carcillo          40     1   2  2  

4 vs 4 Defense
   Defense                  Defense                  Time % Phy DF OF 
 1 Yannick Weber            Corbin McPherson         60     1   2  2  
 2 Yann Sauve               Michael Caruso           40     1   2  2  

Last Minutes Offensive
   Center                   Left Wing                Right Wing               Defense                  Defense                  
   Jordan Schroeder         Chris Terry              Jared Boll               Yannick Weber            Corbin McPherson         

Last Minutes Defensive
   Center                   Left Wing                Right Wing               Defense                  Defense                  
   Jordan Schroeder         Chris Terry              Jared Boll               Yannick Weber            Corbin McPherson         

Goaltenders
Starting : Scott Wedgewood          
Backup : Farm Player93            

Extra Forwards
Normal : Scott Glennie, Landon Ferraro, Dane Byers - PP : Scott Glennie, Landon Ferraro - PK : Dane Byers
Extra Defensemen
Normal : Farm Player1, Farm Player20, Yann Sauve - PP : Farm Player1 - PK : Farm Player20, Yann Sauve
Penalty Shots
Chris Terry, Jared Boll, Jordan Schroeder, Daniel Carcillo, Nicklas Jensen

Admirals NSH

5 vs 5 Forward 
   Center                   Left Wing                Right Wing               Time % Phy DF OF 
 1 Adam Cracknell           Mike Blunden             Corey Tropp              28     1   2  2  
 2 Brody Sutter             Pierre-Cedric Labrie     Matt Fraser              28     1   2  2  
 3 Mike Blunden             Pierre-Cedric Labrie     Jamie Tardif             22     1   2  2  
 4 Corey Tropp              Marcel Noebels           Brody Sutter             22     1   2  2  

5 vs 5 Defense 
   Defense                  Defense                                           Time % Phy DF OF 
 1 Fredrik Claesson         Jyrki Jokipakka                                   30     1   2  2  
 2 Patrick Mullen           Alexey Marchenko                                  28     1   2  2  
 3 Nikita Nesterov          Cameron Schilling                                 21     1   2  2  
 4 Fredrik Claesson         Jyrki Jokipakka                                   21     1   2  2  

PowerPlay Forward 
   Center                   Left Wing                Right Wing               Time % Phy DF OF 
 1 Mike Blunden             Pierre-Cedric Labrie     Corey Tropp              60     1   2  2  
 2 Brody Sutter             Jamie Tardif             Matt Fraser              40     1   2  2  

PowerPlay Defense
   Defense                  Defense                                           Time % Phy DF OF 
 1 Fredrik Claesson         Jyrki Jokipakka                                   60     1   2  2  
 2 Patrick Mullen           Alexey Marchenko                                  40     1   2  2  

Penalty Kill 4 Players Forward 
   Center                   Wing                     Time % Phy DF OF 
 1 Pierre-Cedric Labrie     Jamie Tardif             60     1   2  2  
 2 Corey Tropp              Brody Sutter             40     1   2  2  

Penalty Kill 4 Players Defense
   Defense                  Defense                  Time % Phy DF OF 
 1 Fredrik Claesson         Jyrki Jokipakka          60     1   2  2  
 2 Patrick Mullen           Alexey Marchenko         40     1   2  2  

Penalty Kill - 3 Players Forward 
   Forward                                           Time % Phy DF OF 
 1 Brody Sutter                                      60     1   2  2  
 2 Corey Tropp                                       40     1   2  2  

Penalty Kill - 3 Players Defense
   Defense                  Defense                  Time % Phy DF OF 
 1 Fredrik Claesson         Jyrki Jokipakka          60     1   2  2  
 2 Patrick Mullen           Alexey Marchenko         40     1   2  2  

4 vs 4 Forward 
   Center                   Wing                     Time % Phy DF OF 
 1 Jamie Tardif             Pierre-Cedric Labrie     60     1   2  2  
 2 Corey Tropp              Brody Sutter             40     1   2  2  

4 vs 4 Defense
   Defense                  Defense                  Time % Phy DF OF 
 1 Fredrik Claesson         Jyrki Jokipakka          60     1   2  2  
 2 Patrick Mullen           Alexey Marchenko         40     1   2  2  

Last Minutes Offensive
   Center                   Left Wing                Right Wing               Defense                  Defense                  
   Adam Cracknell           Mike Blunden             Corey Tropp              Fredrik Claesson         Jyrki Jokipakka          

Last Minutes Defensive
   Center                   Left Wing                Right Wing               Defense                  Defense                  
   Adam Cracknell           Mike Blunden             Corey Tropp              Fredrik Claesson         Jyrki Jokipakka          

Goaltenders
Starting : Johan Gustafsson         
Backup : Jeremy Smith             

Extra Forwards
Normal : Jamie Tardif, Pierre-Cedric Labrie, Corey Tropp - PP : Jamie Tardif, Pierre-Cedric Labrie - PK : Corey Tropp
Extra Defensemen
Normal : Nikita Nesterov, Cameron Schilling, Patrick Mullen - PP : Nikita Nesterov - PK : Cameron Schilling, Patrick Mullen
Penalty Shots
Pierre-Cedric Labrie, Jamie Tardif, Corey Tropp, Brody Sutter, Mike Blunden

% Time on Ice - Wolves

Lines # - Real PCT - Wanted PCT - Time Play
Normal Forward
1 - 25% - 35% - 10:50
2 - 28% - 30% - 12:08
3 - 27% - 22% - 11:28
4 - 20% - 13% - 8:24
Normal Defense
1 - 33% - 35% - 14:10
2 - 34% - 30% - 14:25
3 - 29% - 22% - 12:27
4 - 4% - 13% - 1:48
PP Forward
1 - 43% - 60% - 2:41
2 - 57% - 40% - 3:37
PP Defense
1 - 40% - 60% - 2:33
2 - 60% - 40% - 3:45
PK Forward
1 - 82% - 60% - 7:43
2 - 18% - 40% - 1:42
PK Defense
1 - 60% - 60% - 5:40
2 - 40% - 40% - 3:45
PK3 Forward
1 - 0% - 60%
2 - 0% - 40%
PK3 Defense
1 - 0% - 60%
2 - 0% - 40%
44 Forward
1 - 75% - 60% - 1:05
2 - 25% - 40% - 0:22
44 Defense
1 - 54% - 60% - 0:47
2 - 46% - 40% - 0:40
Last Minute Offensive  - 0:00
Last Minute Defensive  - 0:00
Total
Forward - 60:00
Defense - 60:00

% Time on Ice - Admirals NSH

Lines # - Real PCT - Wanted PCT - Time Play
Normal Forward
1 - 25% - 28% - 10:30
2 - 19% - 28% - 8:16
3 - 26% - 22% - 11:15
4 - 30% - 22% - 12:49
Normal Defense
1 - 25% - 30% - 10:54
2 - 31% - 28% - 13:19
3 - 31% - 21% - 13:22
4 - 12% - 21% - 5:15
PP Forward
1 - 46% - 60% - 4:20
2 - 54% - 40% - 5:05
PP Defense
1 - 53% - 60% - 5:02
2 - 47% - 40% - 4:23
PK Forward
1 - 87% - 60% - 5:27
2 - 13% - 40% - 0:51
PK Defense
1 - 53% - 60% - 3:19
2 - 47% - 40% - 2:59
PK3 Forward
1 - 0% - 60%
2 - 0% - 40%
PK3 Defense
1 - 0% - 60%
2 - 0% - 40%
44 Forward
1 - 100% - 60% - 1:27
2 - 0% - 40% - 0:00
44 Defense
1 - 75% - 60% - 1:05
2 - 25% - 40% - 0:22
Last Minute Offensive  - 0:00
Last Minute Defensive  - 0:00
Total
Forward - 60:00
Defense - 60:00

Play by Play

1st period


0:01 of 1st period - Jordan Schroeder wins face-off versus Adam Cracknell in neutral zone.
0:32 of 1st period - Snap shot by Corey Tropp.
0:32 of 1st period - Shot Misses the Net.
0:34 of 1st period - Backhand shot by Mike Blunden.
0:34 of 1st period - Shot Blocked by Yannick Weber.
0:36 of 1st period - Snap shot by Fredrik Claesson.
0:36 of 1st period - Stopped by Scott Wedgewood with a rebound.
0:51 of 1st period - Yannick Weber is hit by Fredrik Claesson and loses puck.
1:50 of 1st period - Slapshot by Nikita Nesterov.
1:50 of 1st period - Shot Blocked by Yannick Weber.
1:52 of 1st period - Slapshot by Cameron Schilling.
1:52 of 1st period - Shot Blocked by Yannick Weber.
1:54 of 1st period - Slapshot by Nikita Nesterov.
1:54 of 1st period - Shot Blocked by Jordan Schroeder.
1:56 of 1st period - Snap shot by Marcel Noebels.
1:56 of 1st period - Stopped by Scott Wedgewood without a rebound.
1:57 of 1st period - Cedric Paquette wins face-off versus Corey Tropp in Wolves zone.
1:57 of 1st period - Cedric Paquette is hit by Marcel Noebels.
2:14 of 1st period - Minor Penalty to Cameron Schilling for Interference.
2:15 of 1st period - Cedric Paquette wins face-off versus Pierre-Cedric Labrie in Admirals NSH zone.
3:06 of 1st period - Wrist shot by Brody Sutter.
3:06 of 1st period - Shot Misses the Net.
3:32 of 1st period - Patrick Mullen is hit by Jared Boll and loses puck.
3:51 of 1st period - Wrist shot by Nicklas Jensen.
3:51 of 1st period - Goal by Nicklas Jensen - Wolves : 1 - Admirals NSH : 0.
3:52 of 1st period - Adam Cracknell wins face-off versus Landon Ferraro in neutral zone.
5:37 of 1st period - Minor Penalty to Joel Broda for Hooking.
5:38 of 1st period - Brody Sutter wins face-off versus Chris Terry in Wolves zone.
6:09 of 1st period - Minor Penalty to Pierre-Cedric Labrie for Holding.
6:10 of 1st period - Jamie Tardif wins face-off versus Chris Terry in Admirals NSH zone.
6:29 of 1st period - Wrist shot by Chris Terry.
6:29 of 1st period - Shot Misses the Net.
6:55 of 1st period - Yannick Weber is hit by Jamie Tardif and loses puck.
7:37 of 1st period - Penalty to Joel Broda is over, Joel Broda is back on ice.
8:09 of 1st period - Penalty to Pierre-Cedric Labrie is over, Pierre-Cedric Labrie is back on ice.
8:30 of 1st period - Landon Ferraro is hit by Corey Tropp and loses puck.
8:59 of 1st period - Minor Penalty to Dane Byers for Roughing.
9:00 of 1st period - Chris Terry wins face-off versus Mike Blunden in Wolves zone.
9:09 of 1st period - Wrist shot by Pierre-Cedric Labrie.
9:09 of 1st period - Shot Blocked by Chris Terry.
9:17 of 1st period - Wrist shot by Mike Blunden.
9:17 of 1st period - Shot Blocked by Corbin McPherson.
9:19 of 1st period - Snap shot by Pierre-Cedric Labrie.
9:19 of 1st period - Deflect By Chris Terry.
9:19 of 1st period - Stopped by Scott Wedgewood with a rebound.
9:54 of 1st period - Pierre-Cedric Labrie is hit by Daniel Carcillo and loses puck.
10:01 of 1st period - Wrist shot by Jordan Schroeder.
10:01 of 1st period - Shot Misses the Net.
10:59 of 1st period - Penalty to Dane Byers is over, Dane Byers is back on ice.
11:09 of 1st period - Patrick Mullen is hit by Joel Broda and loses puck.
11:18 of 1st period - Dane Byers is hit by Cameron Schilling and loses puck.
12:01 of 1st period - Wrist shot by Nicklas Jensen.
12:01 of 1st period - Shot Misses the Net.
12:05 of 1st period - Slapshot by Nicklas Jensen.
12:05 of 1st period - Stopped by Johan Gustafsson without a rebound.
12:06 of 1st period - Landon Ferraro wins face-off versus Adam Cracknell in Admirals NSH zone.
12:09 of 1st period - Wrist shot by Scott Glennie.
12:09 of 1st period - Shot Blocked by Jyrki Jokipakka.
13:06 of 1st period - Snap shot by Marcel Noebels.
13:06 of 1st period - Stopped by Scott Wedgewood with a rebound.
13:08 of 1st period - Wrist shot by Brody Sutter.
13:08 of 1st period - Deflect By Zach Hamill.
13:08 of 1st period - Shot Misses the Net.
13:08 of 1st period - Puck is out of play.
13:09 of 1st period - Cedric Paquette wins face-off versus Zach Hamill in Wolves zone.
13:13 of 1st period - Minor Penalty to Cedric Paquette for Roughing.
13:14 of 1st period - Chris Terry wins face-off versus Brody Sutter in Wolves zone.
13:52 of 1st period - Wrist shot by Corey Tropp.
13:52 of 1st period - Stopped by Scott Wedgewood without a rebound.
13:53 of 1st period - Mike Blunden wins face-off versus Jordan Schroeder in Wolves zone.
14:10 of 1st period - Slapshot by Matt Fraser.
14:10 of 1st period - Goal by Matt Fraser - Wolves : 1 - Admirals NSH : 1.
14:11 of 1st period - Jamie Tardif wins face-off versus Cedric Paquette in neutral zone.
14:22 of 1st period - Wrist shot by Pierre-Cedric Labrie.
14:22 of 1st period - Shot Misses the Net.
14:53 of 1st period - Marcel Noebels is hit by Nicklas Jensen and loses puck.
15:36 of 1st period - Yannick Weber is hit by Corey Tropp and loses puck.
17:20 of 1st period - Snap shot by Adam Cracknell.
17:20 of 1st period - Stopped by Scott Wedgewood without a rebound.
17:21 of 1st period - Chris Terry wins face-off versus Adam Cracknell in Wolves zone.
17:32 of 1st period - Matt Fraser is hit by Corbin McPherson and loses puck.
18:01 of 1st period - Nikita Nesterov is hit by Daniel Carcillo and loses puck.
18:22 of 1st period - Jyrki Jokipakka is hit by Corbin McPherson and loses puck.
19:44 of 1st period - Alexey Marchenko is hit by Dane Byers and loses puck.
Goals for this period are 1 for Wolves vs 1 for Admirals NSH.
Shots for this period are 2 for Wolves vs 7 for Admirals NSH.

2nd period


0:01 of 2nd period - Cedric Paquette wins face-off versus Brody Sutter in neutral zone.
0:28 of 2nd period - Snap shot by Pierre-Cedric Labrie.
0:28 of 2nd period - Shot Misses the Net.
0:30 of 2nd period - Slapshot by Jyrki Jokipakka.
0:30 of 2nd period - Shot Blocked by Yann Sauve.
0:32 of 2nd period - Wrist shot by Matt Fraser.
0:32 of 2nd period - Shot Blocked by Yann Sauve.
0:34 of 2nd period - Snap shot by Fredrik Claesson.
0:34 of 2nd period - Stopped by Scott Wedgewood with a rebound.
0:36 of 2nd period - Snap shot by Fredrik Claesson.
0:36 of 2nd period - Shot Misses the Net.
0:52 of 2nd period - Jordan Schroeder is hit by Adam Cracknell and loses puck.
1:02 of 2nd period - Minor Penalty to Jared Boll for Tripping.
1:03 of 2nd period - Chris Terry wins face-off versus Corey Tropp in Wolves zone.
2:16 of 2nd period - Pierre-Cedric Labrie is hit by Farm Player1 and loses puck.
2:47 of 2nd period - Brody Sutter is hit by Farm Player1 and loses puck.
3:02 of 2nd period - Penalty to Jared Boll is over, Jared Boll is back on ice.
3:50 of 2nd period - Snap shot by Nicklas Jensen.
3:50 of 2nd period - Stopped by Johan Gustafsson with a rebound.
3:54 of 2nd period - Wrist shot by Daniel Carcillo.
3:54 of 2nd period - Stopped by Johan Gustafsson without a rebound.
3:55 of 2nd period - Jamie Tardif wins face-off versus Landon Ferraro in Admirals NSH zone.
4:06 of 2nd period - Jamie Tardif is hit by Scott Glennie and loses puck.
4:42 of 2nd period - Cedric Paquette is hit by Matt Fraser and loses puck.
4:49 of 2nd period - Wrist shot by Matt Fraser.
4:49 of 2nd period - Deflect By Jamie Tardif.
4:49 of 2nd period - Shot Misses the Net.
4:49 of 2nd period - Puck is out of play.
4:50 of 2nd period - Cedric Paquette wins face-off versus Adam Cracknell in Wolves zone.
4:50 of 2nd period - Cedric Paquette is hit by Matt Fraser.
4:56 of 2nd period - Snap shot by Daniel Carcillo.
4:56 of 2nd period - Shot Misses the Net.
5:02 of 2nd period - Cedric Paquette is hit by Fredrik Claesson and loses puck.
5:35 of 2nd period - Minor Penalty to Marcel Noebels for Hooking.
5:36 of 2nd period - Jordan Schroeder wins face-off versus Pierre-Cedric Labrie in Admirals NSH zone.
5:46 of 2nd period - Slapshot by Yannick Weber.
5:46 of 2nd period - Goal by Yannick Weber - Wolves : 2 - Admirals NSH : 1.
5:47 of 2nd period - Jordan Schroeder wins face-off versus Adam Cracknell in neutral zone.
5:54 of 2nd period - Slapshot by Chris Terry.
5:54 of 2nd period - Shot Misses the Net.
5:58 of 2nd period - Snap shot by Jordan Schroeder.
5:58 of 2nd period - Stopped by Johan Gustafsson with a rebound.
6:00 of 2nd period - Snap shot by Chris Terry.
6:00 of 2nd period - Stopped by Johan Gustafsson with a rebound.
6:02 of 2nd period - Slapshot by Yann Sauve.
6:02 of 2nd period - Shot Misses the Net.
6:04 of 2nd period - Snap shot by Jordan Schroeder.
6:04 of 2nd period - Stopped by Johan Gustafsson with a rebound.
6:06 of 2nd period - Snap shot by Chris Terry.
6:06 of 2nd period - Shot Blocked by Fredrik Claesson.
6:08 of 2nd period - Slapshot by Yann Sauve.
6:08 of 2nd period - Deflect By Jared Boll.
6:08 of 2nd period - Shot Misses the Net.
6:08 of 2nd period - Puck is out of play.
6:09 of 2nd period - Brody Sutter wins face-off versus Daniel Carcillo in Admirals NSH zone.
6:57 of 2nd period - Minor Penalty to Daniel Carcillo for Interference.
6:58 of 2nd period - Brody Sutter wins face-off versus Chris Terry in Wolves zone.
7:49 of 2nd period - Snap shot by Mike Blunden.
7:49 of 2nd period - Stopped by Scott Wedgewood with a rebound.
7:51 of 2nd period - Slapshot by Patrick Mullen.
7:51 of 2nd period - Stopped by Scott Wedgewood without a rebound.
7:52 of 2nd period - Jordan Schroeder wins face-off versus Mike Blunden in Wolves zone.
8:05 of 2nd period - Wrist shot by Chris Terry.
8:05 of 2nd period - Stopped by Johan Gustafsson with a rebound.
8:43 of 2nd period - Jared Boll is hit by Brody Sutter and loses puck.
8:57 of 2nd period - Penalty to Daniel Carcillo is over, Daniel Carcillo is back on ice.
9:26 of 2nd period - Off-side.
9:27 of 2nd period - Joel Broda wins face-off versus Adam Cracknell in neutral zone.
10:22 of 2nd period - Brody Sutter is hit by Daniel Carcillo.
10:52 of 2nd period - Minor Penalty to Corey Tropp for Interference.
10:53 of 2nd period - Pierre-Cedric Labrie wins face-off versus Jordan Schroeder in Admirals NSH zone.
10:59 of 2nd period - Icing by Corbin McPherson.
11:00 of 2nd period - Jamie Tardif wins face-off versus Jordan Schroeder in Wolves zone.
12:34 of 2nd period - Patrick Mullen is hit by Daniel Carcillo and loses puck.
12:52 of 2nd period - Penalty to Corey Tropp is over, Corey Tropp is back on ice.
13:25 of 2nd period - Corey Tropp is hit by Scott Glennie and loses puck.
14:04 of 2nd period - Snap shot by Jamie Tardif.
14:04 of 2nd period - Deflect By Mike Blunden.
14:04 of 2nd period - Shot Misses the Net.
14:04 of 2nd period - Puck is out of play.
14:05 of 2nd period - Mike Blunden wins face-off versus Joel Broda in Wolves zone.
14:14 of 2nd period - Wrist shot by Jamie Tardif.
14:14 of 2nd period - Shot Blocked by Logan Shaw.
14:26 of 2nd period - Jyrki Jokipakka is hit by Logan Shaw and loses puck.
14:33 of 2nd period - Snap shot by Pierre-Cedric Labrie.
14:33 of 2nd period - Shot Misses the Net.
14:55 of 2nd period - Wrist shot by Mike Blunden.
14:55 of 2nd period - Stopped by Scott Wedgewood with a rebound.
14:57 of 2nd period - Slapshot by Nikita Nesterov.
14:57 of 2nd period - Stopped by Scott Wedgewood with a rebound.
14:59 of 2nd period - Slapshot by Nikita Nesterov.
14:59 of 2nd period - Stopped by Scott Wedgewood with a rebound.
15:01 of 2nd period - Slapshot by Nikita Nesterov.
15:01 of 2nd period - Deflect By Jamie Tardif.
15:01 of 2nd period - Shot Misses the Net.
15:01 of 2nd period - Puck is out of play.
15:02 of 2nd period - Mike Blunden wins face-off versus Cedric Paquette in Wolves zone.
15:19 of 2nd period - Nicklas Jensen is hit by Cameron Schilling and loses puck.
15:47 of 2nd period - Off-side.
15:48 of 2nd period - Corey Tropp wins face-off versus Landon Ferraro in neutral zone.
16:22 of 2nd period - Snap shot by Dane Byers.
16:22 of 2nd period - Shot Misses the Net.
16:24 of 2nd period - Snap shot by Landon Ferraro.
16:24 of 2nd period - Stopped by Johan Gustafsson with a rebound.
16:26 of 2nd period - Backhand shot by Landon Ferraro.
16:26 of 2nd period - Stopped by Johan Gustafsson with a rebound.
16:36 of 2nd period - Alexey Marchenko is hit by Jared Boll and loses puck.
16:41 of 2nd period - Wrist shot by Chris Terry.
16:41 of 2nd period - Deflect By Mike Blunden.
16:41 of 2nd period - Shot Blocked by Pierre-Cedric Labrie.
16:41 of 2nd period - Puck is out of play.
16:42 of 2nd period - Jordan Schroeder wins face-off versus Brody Sutter in Admirals NSH zone.
16:43 of 2nd period - Snap shot by Yannick Weber.
16:43 of 2nd period - Shot Blocked by Jyrki Jokipakka.
16:45 of 2nd period - Snap shot by Chris Terry.
16:45 of 2nd period - Stopped by Johan Gustafsson without a rebound.
16:46 of 2nd period - Jordan Schroeder wins face-off versus Corey Tropp in Admirals NSH zone.
17:43 of 2nd period - Wrist shot by Ben Hanowski.
17:43 of 2nd period - Deflect By Joel Broda.
17:43 of 2nd period - Shot Misses the Net.
17:43 of 2nd period - Puck is out of play.
17:44 of 2nd period - Cedric Paquette wins face-off versus Corey Tropp in Admirals NSH zone.
18:52 of 2nd period - Nikita Nesterov is hit by Landon Ferraro and loses puck.
19:36 of 2nd period - Snap shot by Jared Boll.
19:36 of 2nd period - Stopped by Johan Gustafsson without a rebound.
19:37 of 2nd period - Ben Hanowski wins face-off versus Corey Tropp in Admirals NSH zone.
Goals for this period are 1 for Wolves vs 0 for Admirals NSH.
Shots for this period are 11 for Wolves vs 6 for Admirals NSH.

3rd period


0:01 of 3rd period - Brody Sutter wins face-off versus Jared Boll in neutral zone.
0:36 of 3rd period - Snap shot by Chris Terry.
0:36 of 3rd period - Shot Misses the Net.
1:13 of 3rd period - Wrist shot by Nicklas Jensen.
1:13 of 3rd period - Goal by Nicklas Jensen - Wolves : 3 - Admirals NSH : 1.
1:14 of 3rd period - Landon Ferraro wins face-off versus Corey Tropp in neutral zone.
1:36 of 3rd period - Minor Penalty to Alexey Marchenko for Slashing.
1:37 of 3rd period - Jamie Tardif wins face-off versus Jordan Schroeder in Admirals NSH zone.
2:01 of 3rd period - Snap shot by Chris Terry.
2:01 of 3rd period - Shot Hit the Post.
2:29 of 3rd period - Jamie Tardif is hit by Cedric Paquette and loses puck.
2:36 of 3rd period - Wrist shot by Daniel Carcillo.
2:36 of 3rd period - Stopped by Johan Gustafsson without a rebound.
2:37 of 3rd period - Pierre-Cedric Labrie wins face-off versus Cedric Paquette in Admirals NSH zone.
3:36 of 3rd period - Penalty to Alexey Marchenko is over, Alexey Marchenko is back on ice.
3:44 of 3rd period - Snap shot by Chris Terry.
3:44 of 3rd period - Shot Misses the Net.
3:46 of 3rd period - Slapshot by Jordan Schroeder.
3:46 of 3rd period - Shot Misses the Net.
3:48 of 3rd period - Slapshot by Chris Terry.
3:48 of 3rd period - Shot Misses the Net.
4:10 of 3rd period - Snap shot by Landon Ferraro.
4:10 of 3rd period - Shot Misses the Net.
4:22 of 3rd period - Snap shot by Scott Glennie.
4:22 of 3rd period - Stopped by Johan Gustafsson with a rebound.
4:24 of 3rd period - Slapshot by Scott Glennie.
4:24 of 3rd period - Shot Misses the Net.
4:26 of 3rd period - Backhand shot by Dane Byers.
4:26 of 3rd period - Stopped by Johan Gustafsson without a rebound.
4:27 of 3rd period - Mike Blunden wins face-off versus Joel Broda in Admirals NSH zone.
4:34 of 3rd period - Ben Hanowski is hit by Mike Blunden and loses puck.
4:45 of 3rd period - Snap shot by Corey Tropp.
4:45 of 3rd period - Shot Blocked by Michael Caruso.
5:29 of 3rd period - Slapshot by Yannick Weber.
5:29 of 3rd period - Shot Misses the Net.
5:31 of 3rd period - Slapshot by Nicklas Jensen.
5:31 of 3rd period - Shot Misses the Net.
5:33 of 3rd period - Snap shot by Daniel Carcillo.
5:33 of 3rd period - Shot Misses the Net.
5:35 of 3rd period - Snap shot by Nicklas Jensen.
5:35 of 3rd period - Shot Blocked by Matt Fraser.
5:37 of 3rd period - Backhand shot by Cedric Paquette.
5:37 of 3rd period - Shot Misses the Net.
5:39 of 3rd period - Slapshot by Daniel Carcillo.
5:39 of 3rd period - Shot Misses the Net.
5:41 of 3rd period - Wrist shot by Cedric Paquette.
5:41 of 3rd period - Shot Misses the Net.
5:43 of 3rd period - Snap shot by Cedric Paquette.
5:43 of 3rd period - Shot Misses the Net.
5:45 of 3rd period - Slapshot by Yannick Weber.
5:45 of 3rd period - Stopped by Johan Gustafsson without a rebound.
5:46 of 3rd period - Landon Ferraro wins face-off versus Adam Cracknell in Admirals NSH zone.
6:57 of 3rd period - Minor Penalty to Jared Boll for Tripping.
6:58 of 3rd period - Brody Sutter wins face-off versus Chris Terry in Wolves zone.
7:01 of 3rd period - Snap shot by Matt Fraser.
7:01 of 3rd period - Shot Misses the Net.
7:03 of 3rd period - Slapshot by Fredrik Claesson.
7:03 of 3rd period - Shot Blocked by Corbin McPherson.
7:05 of 3rd period - Snap shot by Fredrik Claesson.
7:05 of 3rd period - Stopped by Scott Wedgewood without a rebound.
7:06 of 3rd period - Brody Sutter wins face-off versus Chris Terry in Wolves zone.
7:07 of 3rd period - Wrist shot by Matt Fraser.
7:07 of 3rd period - Stopped by Scott Wedgewood with a rebound.
8:57 of 3rd period - Penalty to Jared Boll is over, Jared Boll is back on ice.
9:01 of 3rd period - Wrist shot by Mike Blunden.
9:01 of 3rd period - Deflect By Pierre-Cedric Labrie.
9:01 of 3rd period - Shot Blocked by Michael Caruso.
9:01 of 3rd period - Puck is out of play.
9:02 of 3rd period - Cedric Paquette wins face-off versus Mike Blunden in Wolves zone.
9:13 of 3rd period - Snap shot by Pierre-Cedric Labrie.
9:13 of 3rd period - Stopped by Scott Wedgewood with a rebound.
9:55 of 3rd period - Slapshot by Matt Fraser.
9:55 of 3rd period - Deflect By Jamie Tardif.
9:55 of 3rd period - Stopped by Scott Wedgewood with a rebound.
10:01 of 3rd period - Alexey Marchenko is hit by Yannick Weber and loses puck.
10:28 of 3rd period - Wrist shot by Scott Glennie.
10:28 of 3rd period - Shot Blocked by Alexey Marchenko.
10:30 of 3rd period - Snap shot by Michael Caruso.
10:30 of 3rd period - Deflect By Mike Blunden.
10:30 of 3rd period - Stopped by Johan Gustafsson with a rebound.
10:48 of 3rd period - Fredrik Claesson is hit by Yann Sauve and loses puck.
10:55 of 3rd period - Snap shot by Scott Glennie.
10:55 of 3rd period - Shot Misses the Net.
11:43 of 3rd period - Jyrki Jokipakka is hit by Jared Boll and loses puck.
12:08 of 3rd period - Slapshot by Ben Hanowski.
12:08 of 3rd period - Shot Blocked by Brody Sutter.
12:10 of 3rd period - Wrist shot by Joel Broda.
12:10 of 3rd period - Shot Misses the Net.
12:34 of 3rd period - Snap shot by Pierre-Cedric Labrie.
12:34 of 3rd period - Stopped by Scott Wedgewood with a rebound.
12:36 of 3rd period - Snap shot by Cameron Schilling.
12:36 of 3rd period - Shot Misses the Net.
12:38 of 3rd period - Wrist shot by Pierre-Cedric Labrie.
12:38 of 3rd period - Deflect By Jamie Tardif.
12:38 of 3rd period - Stopped by Scott Wedgewood with a rebound.
12:40 of 3rd period - Snap shot by Pierre-Cedric Labrie.
12:40 of 3rd period - Stopped by Scott Wedgewood with a rebound.
12:42 of 3rd period - Slapshot by Nikita Nesterov.
12:42 of 3rd period - Stopped by Scott Wedgewood with a rebound.
13:28 of 3rd period - Michael Caruso is hit by Corey Tropp.
13:46 of 3rd period - Slapshot by Yannick Weber.
13:46 of 3rd period - Goal by Yannick Weber - Wolves : 4 - Admirals NSH : 1.
13:47 of 3rd period - Mike Blunden wins face-off versus Joel Broda in neutral zone.
13:58 of 3rd period - Corbin McPherson is hit by Pierre-Cedric Labrie and loses puck.
15:21 of 3rd period - Off-side.
15:22 of 3rd period - Zach Hamill wins face-off versus Cedric Paquette in neutral zone.
15:55 of 3rd period - Snap shot by Daniel Carcillo.
15:55 of 3rd period - Shot Blocked by Fredrik Claesson.
15:57 of 3rd period - Snap shot by Nicklas Jensen.
15:57 of 3rd period - Shot Blocked by Jyrki Jokipakka.
15:59 of 3rd period - Snap shot by Nicklas Jensen.
15:59 of 3rd period - Stopped by Johan Gustafsson with a rebound.
16:23 of 3rd period - Nikita Nesterov is hit by Landon Ferraro and loses puck.
16:32 of 3rd period - Slapshot by Cameron Schilling.
16:32 of 3rd period - Deflect By Mike Blunden.
16:32 of 3rd period - Stopped by Scott Wedgewood with a rebound.
16:56 of 3rd period - Fredrik Claesson is hit by Farm Player20 and loses puck.
18:54 of 3rd period - Snap shot by Corey Tropp.
18:54 of 3rd period - Shot Misses the Net.
19:34 of 3rd period - Corey Tropp is hit by Yann Sauve and loses puck.
19:47 of 3rd period - Nicklas Jensen is hit by Cameron Schilling and loses puck.
Goals for this period are 2 for Wolves vs 0 for Admirals NSH.
Shots for this period are 8 for Wolves vs 9 for Admirals NSH.


Output by the SimonT Hockey Simulator (STHS) for Eric Dolegowski -- Original Page W3C XHTML 1.0 Valid
Hockey Simulator - Hockey Simulation - Hockey Manager